 Dungeon Crawl Stone Soup version 0.30-a0-137-gd8773701ce (webtiles) character file.

Game seed: 14472728385185742093

12359 juncz the Fighter (level 12, -1/98 HPs)
             Began as a Djinni Conjurer on Sept 23, 2022.
             Was an Initiate of Ashenzari.
             Slain by a minotaur
             ... wielding a +3 rapier of venom
              (38 damage)
             ... in a Gauntlet.
             The game lasted 00:36:51 (13714 turns).

juncz the Fighter (Djinni Conjurer)                Turns: 13714, Time: 00:36:52

Health: -1/98      AC:  5    Str: 13    XL:     12   Next: 19%
Gold:   745        EV: 12    Int: 25    God:    Ashenzari [......] SH:  0 Dex: 12

rFire   + + .      SeeInvis .    y - staff of air
rCold   + + .      Faith    .    (no shield)
rNeg    . . .      Spirit   .    G - +1 robe {rC+}
rPois   ∞          Reflect  .    K - +1 helmet of Jipsugio {Str+7}
rElec   +          Harm     .    O - scarf {repulsion}
rCorr   .          Rampage  .    (no gloves)
Will    +....      NoTele   +    (boots unavailable)
Stlth   ++........               r - amulet of regeneration
HPRegen 1.06/turn                D - ring of protection from cold
MPRegen 0.00/turn                L - ring of protection from cold

@: flying, repel missiles
A: sickness immunity, fire resistance 2, cold vulnerability 1, float, innate
caster, HP casting, extra vitality 1
a: Renounce Religion, Curse Item


You were in a Gauntlet.
You worshipped Ashenzari.
Ashenzari was noncommittal.
You visited 2 branches of the dungeon, and saw 12 of its levels.
You also visited: Gauntlet.

You collected 829 gold pieces.
You spent 84 gold pieces at shops.

Inventory:

Armour
 p - a +0 helmet
 C - a +1 robe of positive energy
 G - a +1 robe of cold resistance (worn)
 H - +0 steam dragon scales
 K - the +1 helmet of Jipsugio (worn) {Str+7}
   (You found it in a Gauntlet)

   Str:       It affects your strength (+7).
 O - a scarf of repulsion (worn)
Magical Staves
 x - a staff of poison
 y - a staff of air (weapon)
Jewellery
 m - the macabre finger necklace {rN+}
   (You found it on level 7 of the Dungeon)

   [amulet of nothing]

   It enables you to equip an extra ring.
   rN:        It protects you from negative energy.
 r - an amulet of regeneration (around neck)
 w - a ring of fire
 D - a ring of protection from cold (left hand)
 E - a ring of positive energy
 I - a ring of willpower
 L - a ring of protection from cold (right hand)
 M - an amulet of reflection
Wands
 h - a wand of paralysis (4)
 z - a wand of digging (10)
 B - a wand of flame (41)
 N - a wand of roots (8)
Scrolls
 a - 2 scrolls of enchant weapon
 c - 7 scrolls of teleportation
 e - 3 scrolls of poison
 k - a scroll of magic mapping
 l - a scroll of fog
 v - a scroll of fear
 A - a scroll of silence
 J - a scroll of blinking
Potions
 b - 2 potions of brilliance {unknown}
 d - a potion of haste {unknown}
 f - a potion of might {unknown}
 g - a potion of attraction {unknown}
 i - 2 potions of curing
 j - a potion of ambrosia {unknown}
 n - a potion of lignification {unknown}
 o - 4 potions of invisibility {unknown}
 q - a potion of berserk rage {unknown}
 s - 5 potions of mutation {unknown}
 t - 2 potions of heal wounds
 u - 3 potions of magic {unknown}
 F - a potion of flight {unknown}


   Skills:
 + Level 13.1 Fighting
 - Level 2.1 Dodging
 - Level 1.5 Stealth
 + Level 10.8 Spellcasting


You had 4 spell levels left.
You knew the following spells:

 Your Spells              Type           Power      Damage    Failure   Level
a - Magic Dart            Conj           100%       1d8       1%          1
b - Searing Ray           Conj           100%       2d8       1%          2
c - Dazzling Flash        Conj/Hex       100%       N/A       1%          3
d - Fulminant Prism       Conj/Hex       30%        3d16      1%          4
e - Iskenderun's Mystic   Conj/Tloc      61%        2d13      1%          4
f - Necrotise             Necr           100%       1d9       1%          1
g - Passwall              Tmut/Erth      50%        N/A       1%          2
h - Teleport Other        Tloc           61%        N/A       1%          3
i - Call Canine Familiar  Summ           61%        N/A       1%          3
j - Alistair's Intoxicat  Tmut/Pois      40%        N/A       1%          5
Your spell library was empty.

Dungeon Overview and Level Annotations

Branches:
Dungeon (11/15)            Temple (1/1) D:6         Gauntlet (1/1)
   Lair: D:8-11         Orc: D:9-12

Altars:
Ashenzari
Cheibriados
Dithmenos
Elyvilon
Fedhas
Gozag
Hepliaklqana
Makhleb
Nemelex Xobeh
Okawaru
Qazlal
Ru
Trog
Uskayaw
Wu Jian
Xom
Yredelemnul
Zin
The Shining One

Shops:
D:6 *

Annotations:
Gauntlet 8 transporters, exclusion: 2 lightning spires


Innate Abilities, Weirdness & Mutations

You are immune to sickness and miasma.
You are immune to poison.
Your flesh is very heat resistant. (rF++)
You are vulnerable to cold. (rC-)
You float through the air rather than walking.
You learn spells naturally, not from books.
Your magical power is your life essence.
You have superior vitality. (+4 MHP)


Message History

A minotaur comes into view.
It is wielding a +3 rapier of venom and wearing a +4 plate armour of positive energy.
The minotaur moves out of view.
A minotaur is nearby!
Casting: Iskenderun's Mystic Blast (mildly dangerous; 1% risk of failure)
Confirm with . or Enter, or press ? or * to list all spells.
You erupt in a blast of force!
The mystic blast hits the minotaur!!
The minotaur is moderately wounded.
The minotaur bellows!
The minotaur is knocked back by the mystic blast.
Casting: Iskenderun's Mystic Blast (mildly dangerous; 1% risk of failure)
Confirm with . or Enter, or press ? or * to list all spells.
You erupt in a blast of force!
The mystic blast hits the minotaur!
The minotaur is moderately wounded.
The minotaur is knocked back by the mystic blast.
Found two items.
The minotaur throws a javelin.
The javelin pierces through you!
Casting: Iskenderun's Mystic Blast (mildly dangerous; 1% risk of failure)
Confirm with . or Enter, or press ? or * to list all spells.
You can't see any susceptible monsters within range! (Use Z to cast anyway.)
Found a piece from Xom's chessboard (15/15) and Nieczuva's Handbook of Curses.
Casting: Iskenderun's Mystic Blast (mildly dangerous; 1% risk of failure)
Confirm with . or Enter, or press ? or * to list all spells.
You erupt in a blast of force!
The mystic blast hits the minotaur but does no damage.
The minotaur is moderately wounded.
The minotaur hits you with a +3 rapier of venom!!
The minotaur gores you.
Casting: Iskenderun's Mystic Blast (mildly dangerous; 1% risk of failure)
Confirm with . or Enter, or press ? or * to list all spells.
You erupt in a blast of force!
The mystic blast hits the minotaur but does no damage.
The minotaur is moderately wounded.
The minotaur closely misses you. The minotaur misses you.
Casting: Iskenderun's Mystic Blast (mildly dangerous; 1% risk of failure)
Confirm with . or Enter, or press ? or * to list all spells.
You erupt in a blast of force!
The mystic blast hits the minotaur but does no damage.
The minotaur is moderately wounded.
The minotaur hits you with a +3 rapier of venom!!!
You die...

h..#...≈##...#
8.!#...###.♣.########
..)#.♣..##..........#
##©#.....#.♣.###.##.##
##.#...♣.#..........8#
##[#.....#.©.#.#.....#
.hh#.....#...#.#.#######
####.....#.©.#...#8.8}8:
......∩..#...###@'......
####.....#.©.#..H#8.8[8[
.pY#.....#...#.#.#######
.###.....#.©.#.#..
#.)#..P♣.#........
#=©#..P..#.♣.###.##
.#)#.♣..##........
.#Y#...## .♣.#####
#YY#...≈##...#


You could see a minotaur.

Vanquished Creatures
  A great orb of eyes (Gauntlet)
  A two-headed ogre (D:9)
  Erica (D:8)
  A tengu warrior (Gauntlet)
  Pikel (D:5)
  An ugly thing (Gauntlet)
  Joseph (D:8)
  2 gargoyles
  A komodo dragon (D:11)
  A tengu conjurer (Gauntlet)
  A troll (D:10)
  2 hornets
  Prince Ribbit (D:7)
  A raiju (Gauntlet)
  3 wraiths
  3 yaks (D:9)
  2 steam dragons
  Menkaure (D:7)
  An acid dragon (D:8)
  A water moccasin (D:6)
  Duvessa (D:5)
  An orc warrior (D:5)
  An ice beast (D:6)
  4 black bears
  2 wolves (D:11)
  2 ogres
  6 centaurs
  4 lemures (D:5)
  2 phantoms (D:4)
  Blork the orc (D:5)
  3 kobold brigands
  3 bullfrogs
  2 gnoll sergeants
  2 necrophages (D:6)
  14 wights
  Dowan (D:5)
  12 killer bees
  4 howler monkeys
  A quasit (D:7)
  7 hounds
  A jelly (D:8)
  Crazy Yiuf (D:7)
  5 orc priests
  4 iguanas
  10 orc wizards
  Robin (D:3)
  5 adders
  10 gnolls
  3 shadow imps
  2 white imps
  5 ufetubi
  3 worms
  5 dart slugs
  37 orcs
  8 bats
  10 endoplasms
  A giant cockroach (D:1)
  12 goblins
  8 hobgoblins
  3 jackals (D:1)
  8 quokkas
  3 ball pythons
  4 frilled lizards
  17 kobolds
  9 rats
  A spectral goblin (D:3)
  5 fulminant prisms
281 creatures vanquished.

Vanquished Creatures (collateral kills)
  A water moccasin (D:6)
  2 ice beasts (D:5)
  An ogre (D:6)
  2 orc priests (D:5)
  8 orcs
  A goblin (D:3)
  A ball python (D:1)
  A rat (D:1)
17 creatures vanquished.

Vanquished Creatures (others)
  8 fulminant prisms
  4 fungi (D:3)
  6 toadstools (D:3)
18 creatures vanquished.

Grand Total: 316 creatures vanquished

Notes
Turn   | Place    | Note
-------+----------+-------------------------------------------
     0 | D:1      | juncz the Djinni Conjurer began the quest for the Orb.
     0 | D:1      | juncz set off with the following spells memorised: Magic
                  | Dart, Searing Ray, Dazzling Flash, Fulminant Prism,
                  | Iskenderun's Mystic Blast.
     0 | D:1      | Reached XP level 1. HP: 15/15 MP: 0/0
   255 | D:1      | Reached XP level 2. HP: 15/22 MP: 0/0
   362 | D:1      | Reached skill level 1 in Fighting
   427 | D:1      | Reached XP level 3. HP: 14/27 MP: 0/0
   427 | D:1      | Learned a level 1 spell: Necrotise
  1253 | D:1      | Reached skill level 2 in Fighting
  1511 | D:1      | Reached XP level 4. HP: 30/33 MP: 0/0
  1669 | D:2      | Found a faded altar of an unknown god.
  2371 | D:2      | You are sucked into a shaft and drop 1 floor!
  2817 | D:3      | Reached XP level 5. HP: 10/39 MP: 0/0
  2817 | D:3      | Learned a level 2 spell: Passwall
  3293 | D:3      | Found a hazy altar of Hepliaklqana.
  3438 | D:3      | Noticed Robin
  3450 | D:3      | Killed Robin
  3451 | D:3      | Reached skill level 3 in Fighting
  4222 | D:4      | Noticed a phantom
  4251 | D:4      | Killed a phantom
  4252 | D:4      | Reached XP level 6. HP: 33/47 MP: 0/0
  4479 | D:4      | Noticed an ogre
  4503 | D:4      | Killed an ogre
  4504 | D:4      | Reached skill level 4 in Fighting
  4754 | D:4      | Reached XP level 7. HP: 49/53 MP: 0/0
  4754 | D:4      | Learned a level 3 spell: Teleport Other
  5041 | D:4      | Found an ornate altar of the Wu Jian Council.
  5312 | D:4      | Reached skill level 5 in Spellcasting
  5411 | D:4      | Reached skill level 5 in Fighting
  5875 | D:5      | Entered Level 5 of the Dungeon
  5879 | D:5      | Noticed a hornet
  5887 | D:5      | Killed a hornet
  5888 | D:5      | Reached XP level 8. HP: 31/61 MP: 0/0
  6062 | D:5      | Noticed Pikel
  6098 | D:5      | Reached skill level 6 in Fighting
  6111 | D:5      | Noticed Blork the orc
  6121 | D:5      | Killed Blork the orc
  6128 | D:5      | Noticed Duvessa
  6129 | D:5      | Killed Pikel
  6130 | D:5      | Reached skill level 7 in Fighting
  6130 | D:5      | Reached XP level 9. HP: 10/68 MP: 0/0
  6130 | D:5      | Learned a level 3 spell: Call Canine Familiar
  6396 | D:5      | Found a shimmering altar of Xom.
  6414 | D:5      | Reached skill level 8 in Fighting
  6622 | D:5      | Noticed Dowan
  6630 | D:5      | Killed Duvessa
  6631 | D:5      | Killed Dowan
  7031 | D:5      | Found a glowing golden altar of the Shining One.
  7331 | D:6      | Reached skill level 9 in Fighting
  7483 | D:6      | Reached XP level 10. HP: 72/78 MP: 0/0
  7985 | D:6      | Found Makhlu Rena's Assorted Antiques.
  8001 | D:6      | Bought a scroll of identify for 42 gold pieces
  8001 | D:6      | Bought a scroll of identify for 42 gold pieces
  8084 | D:6      | Found a staircase to the Ecumenical Temple.
  8099 | Temple   | Entered the Ecumenical Temple
  8264 | Temple   | Became a worshipper of Ashenzari the Shackled
  8479 | D:6      | Reached skill level 10 in Fighting
  8510 | D:6      | Found a glowing silver altar of Zin.
  8840 | D:7      | Noticed Menkaure
  8846 | D:7      | Killed Menkaure
  8856 | D:7      | Found the macabre finger necklace {rN+}
  8889 | D:7      | Found a runed translucent door.
  8890 | D:7      | Noticed Crazy Yiuf
  8899 | D:7      | Killed Crazy Yiuf
  9711 | D:7      | Noticed Prince Ribbit
  9726 | D:7      | Killed Prince Ribbit
  9955 | D:8      | Noticed Erica
  9969 | D:8      | Killed Erica
  9970 | D:8      | Reached skill level 11 in Fighting
  9970 | D:8      | Reached XP level 11. HP: 30/87 MP: 0/0
  9970 | D:8      | Learned a level 5 spell: Alistair's Intoxication
 10242 | D:8      | Noticed Joseph
 10252 | D:8      | Killed Joseph
 10525 | D:8      | Found a snail-covered altar of Cheibriados.
 10772 | D:9      | Noticed a two-headed ogre
 10794 | D:9      | Killed a two-headed ogre
 11454 | D:9      | Reached skill level 12 in Fighting
 11638 | D:9      | Reached skill level 10 in Spellcasting
 12288 | D:10     | Entered Level 10 of the Dungeon
 13128 | D:11     | Found a gate leading to a gauntlet.
 13167 | Gauntlet | Entered a Gauntlet
 13167 | Gauntlet | Noticed a tengu warrior
 13167 | Gauntlet | Found a transporter.
 13177 | Gauntlet | Found a transporter.
 13183 | Gauntlet | Noticed a moth of wrath
 13188 | Gauntlet | Found a transporter.
 13189 | Gauntlet | Found a transporter.
 13196 | Gauntlet | Found a transporter.
 13214 | Gauntlet | Noticed a necromancer
 13217 | Gauntlet | Found a transporter.
 13218 | Gauntlet | Noticed a death yak
 13218 | Gauntlet | Noticed a death yak
 13219 | Gauntlet | Noticed a death yak
 13220 | Gauntlet | Noticed a death yak
 13229 | Gauntlet | Found a transporter.
 13239 | Gauntlet | Noticed a great orb of eyes
 13239 | Gauntlet | Noticed a brown ugly thing
 13240 | Gauntlet | Found a transporter.
 13259 | Gauntlet | Found a transporter.
 13273 | Gauntlet | Found a transporter.
 13280 | Gauntlet | Found a transporter.
 13331 | Gauntlet | Found a transporter.
 13332 | Gauntlet | Found a transporter.
 13363 | Gauntlet | Found a transporter.
 13473 | Gauntlet | Killed a tengu warrior
 13474 | Gauntlet | Reached XP level 12. HP: 81/96 MP: 0/0
 13552 | Gauntlet | Reached skill level 13 in Fighting
 13553 | Gauntlet | Killed a great orb of eyes
 13570 | Gauntlet | Identified the +1 helmet of Jipsugio {Str+7}
 13703 | Gauntlet | Noticed a minotaur
 13710 | Gauntlet | Found the +3 Mad Mage's Maulers {Infuse+∞ RegenMP Int-3}
 13714 | Gauntlet | Slain by a minotaur

Illustrated notes

Levels and vault maps discovered:
D:1:      dpeg_arrival_pits, layout_basic, minmay_vboxes
D:2:      layout_loops_cross, hellmonk_ecumenical_altar_run_dry, hex_large
D:3:      layout_loops_ring, nicolae_hepliaklqana_monster_ancestors,
          minmay_door_square, minmay_gold_behind_fungi, kennysheep_nondescript,
          roderic_roman_lattice, uniq_robin
D:4:      layout_loops_cross, nicolae_wu_jian_wuxing_cycle, lightli_minifort
D:5:      layout_basic, hangedman_feature_mirror, uniq_duvessa, uniq_pikel,
          uniq_blork_the_orc
D:6:      layout_rooms, zin_academy, minmay_temple_entry_junction_2,
          serial_shops, shop
D:7:      layout_loops_corners, serial_demonic, serial_demonic_g,
          serial_demonic_g, serial_demonic_d, serial_demonic_a, st_stairs_8,
          kennysheep_generic_room_12, uniq_crazy_yiuf_cottage,
          uniq_prince_ribbit1, uniq_menkaure
D:8:      layout_rooms, kennysheep_mini, uniq_erica, uniq_joseph
D:9:      layout_grid_maze
D:10:     layout_loops_ring, nicolae_sif_muna_little_library
D:11:     layout_roguey, erik_lair_island, david_orc_4, gauntlet_entry_generic
Temple:   minmay_temple_bridge_d
Gauntlet: minmay_gauntlet_77_tree [minmay_gauntlet_arena_77_radiant_squares,
          minmay_gauntlet_arena_77_p_blocks,
          minmay_gauntlet_arena_77_chump_sandwich,
          minmay_gauntlet_arena_77_two_lines,
          minmay_gauntlet_arena_77_block_sizes,
          minmay_gauntlet_arena_77_squiggly, minmay_gauntlet_arena_77_mirror,
          nicolae_gauntlet_exit_dead_adventurers]

Skill      XL: |  1  2  3  4  5  6  7  8  9 10 11 12 |
---------------+-------------------------------------+-----
Fighting       | 1 2 3 4 5 7 9 11 12 13 | 13.1
Spellcasting   | 4 5 6 7 9 10 | 10.8
Dodging        | |  2.1
Stealth        | |  1.5

Action                   |  1- 3 |  4- 6 |  7- 9 | 10-12 || total
-------------------------+-------+-------+-------+-------++-------
Melee: Staff             |       |       |       |     1 ||     1
 Cast: Magic Dart        |    43 |    45 |    21 |    10 ||   119
       Necrotise         |    22 |    74 |    39 |    10 ||   145
       Iskenderun's Myst |       |    16 |    40 |   203 ||   259
       Fulminant Prism   |       |       |    10 |     3 ||    13
       Call Canine Famil |       |       |     7 |     2 ||     9
  Use: Scroll            |       |       |       |    12 ||    12
       Potion            |       |       |       |     1 ||     1
Armor: Robe              |     1 |     3 |     4 |    13 ||    21
Dodge: Dodged            |     3 |     8 |    14 |    46 ||    71

Table legend: (Time is in decaauts)
 A = Elapsed time spent in this place.
 B = Non-inter-level travel time spent in this place.
 C = Inter-level travel time spent in this place.
 D = Time resting spent in this place.
 E = Time spent auto-exploring this place.
 F = Levels seen in this place.
 G = Mean time per level.
                   A        B        C        D        E       F      G
               +--------+--------+--------+--------+--------+-----+--------+
         Total |  13709 |  13278 |    431 |   3893 |   7617 |  13 | 1054.5 |
       Dungeon |  12976 |  12592 |    384 |   3775 |   7332 |  11 | 1179.6 |
        Temple |    186 |    139 |     47 |      0 |    132 |   1 |  186.0 |
      Gauntlet |    546 |    546 |      0 |    118 |    153 |   1 |  546.0 |
               +--------+--------+--------+--------+--------+-----+--------+

Top non-repeatable levels by time:
     D:4: 1902 daAuts
     D:9: 1684 daAuts
     D:1: 1668 daAuts
     D:3: 1637 daAuts
     D:5: 1277 daAuts
     D:6: 1253 daAuts
     D:7: 1209 daAuts
     D:2: 838 daAuts
    D:10: 786 daAuts
     D:8: 626 daAuts
Gauntlet: 546 daAuts
  Temple: 186 daAuts
    D:11: 92 daAuts
